 Dungeon Crawl Stone Soup version 0.29.1 (webtiles) character file.

Game seed: 12248795501691443425

16897 Acheron the Grappler (level 12, -2/110 HPs)
             Began as a Troll Fire Elementalist on Sept 14, 2022.
             Was a High Priest of Nemelex Xobeh.
             Slain by a +7 long sword (19 damage)
             ... on level 14 of the Dungeon.
             The game lasted 01:16:27 (12257 turns).

Acheron the Grappler (Troll Fire Elementalist)     Turns: 12257, Time: 01:16:28

Health: -2/110     AC: 14    Str: 19    XL:     12   Next: 14%
Magic:  15/15      EV: 10    Int: 11    God:    Nemelex Xobeh [*****.]
Gold:   1484       SH:  7    Dex: 14    Spells: 10/14 levels left

rFire   . . .      SeeInvis .     - Unarmed
rCold   . . .      Faith    .   q - +0 kite shield
rNeg    . . .      Spirit   .   z - +0 acid dragon scales
rPois   .          Reflect  .   (helmet restricted)
rElec   .          Harm     .   u - +0 cloak
rCorr   +          Rampage  .   (gloves unavailable)
Will    .....                   (boots unavailable)
Stlth   ++........              (no amulet)
HPRegen 1.08/turn               l - +4 ring of protection
MPRegen 0.14/turn               g - ring of wizardry

@: no status effects
A: large, unfitting armour, claws 3, regeneration 1, shaggy fur 1, tough skin 1
a: Renounce Religion, Draw Escape, Draw Destruction, Draw Summoning, Triple
Draw, Deal Four, Stack Five


You were on level 14 of the Dungeon.
You worshipped Nemelex Xobeh.
Nemelex Xobeh was extremely pleased with you.
You visited 4 branches of the dungeon, and saw 19 of its levels.

You collected 1690 gold pieces.
You spent 206 gold pieces at shops.

Inventory:

Hand Weapons
 d - a +1 morningstar of venom
 C - a +0 whip of flaming
 D - a +7 dagger
Missiles
 h - 17 boomerangs
 n - 15 poisoned darts
 G - 12 large rocks (quivered)
Armour
 q - a +0 kite shield (worn)
 u - a +0 cloak (worn)
 z - +0 acid dragon scales (worn)
Magical Staves
 i - a staff of poison
Jewellery
 g - a ring of wizardry (right claw)
 l - a +4 ring of protection (left claw)
 p - a ring of flight
 I - an amulet of guardian spirit
Wands
 a - a wand of charming (14)
 j - a wand of flame (11)
 w - a wand of iceblast (7)
 y - a wand of mindburst (5)
Scrolls
 c - 3 scrolls of amnesia
 f - a scroll of blinking
 m - a scroll of identify
 o - 2 scrolls of enchant weapon
 s - 3 scrolls of magic mapping
 x - 2 scrolls of butterflies
 H - 2 scrolls of teleportation
 J - a scroll of brand weapon
Potions
 b - a potion of magic
 e - a potion of lignification
 k - 8 potions of curing
 r - 2 potions of cancellation
 t - a potion of berserk rage
 v - 2 potions of haste
 A - 2 potions of might
 E - a potion of flight
 F - 2 potions of invisibility


   Skills:
 * Level 4.9 Fighting
 * Level 5.4 Throwing
 + Level 3.8 Armour
 * Level 6.1 Dodging
 + Level 1.8 Stealth
 * Level 1.0 Shields
 * Level 11.7 Unarmed Combat
 + Level 1.8 Spellcasting
 + Level 2.2 Conjurations
 + Level 2.1 Translocations
 + Level 3.2 Fire Magic
 * Level 5.6 Invocations
 * Level 4.4 Evocations


You had 10 spell levels left.
You knew the following spells:

 Your Spells              Type           Power      Damage    Failure   Level
a - Foxfire               Conj/Fire      28%        2x1d5     13%         1
b - Scorch                Fire           16%        2d6       16%         2
c - Apportation           Tloc           10%        N/A       16%         1

Your spell library contained the following spells:

 Spells                   Type           Power      Damage    Failure   Level
 Static Discharge         Conj/Air       3%         3-4/arc   34%         2
 Conjure Flame            Conj/Fire      7%         6-21      34%         3
 Inner Flame              Hex/Fire       4%         N/A       50%         3
 Ozocubu's Armour         Ice            1%         N/A       71%         3
 Flame Wave               Conj/Fire      7%         2d5       75%         4
 Sticky Flame             Conj/Fire      7%         2d3       75%         4
 Dispel Undead            Necr           1%         3d6       98%         4
 Summon Ice Beast         Ice/Summ       1%         N/A       98%         4
 Alistair's Intoxication  Tmut/Pois      0%         N/A       100%        5
 Metabolic Englaciation   Hex/Ice        0%         N/A       100%        5
 Summon Mana Viper        Hex/Summ       1%         N/A       100%        5
 Simulacrum               Ice/Necr       0%         N/A       100%        6
 Monstrous Menagerie      Summ           0%         N/A       100%        7


Dungeon Overview and Level Annotations

Branches:
Dungeon (15/15)            Temple (1/1) D:4            Lair (1/5) D:10
    Orc (2/2) D:10         Vaults (0/5) D:14
    Elf: Orc:2       Depths: D:15

Altars:
Ashenzari
Cheibriados
Dithmenos
Elyvilon
Fedhas
Gozag
Hepliaklqana
Kikubaaqudgha
Makhleb
Nemelex Xobeh
Okawaru
Qazlal
Ru
Sif Muna
Trog
Uskayaw
Vehumet
Wu Jian
Xom
Yredelemnul
Zin
The Shining One

Shops:
D:8 !(*!   D:10 [[

Annotations:
D:4 Eustachio
D:5 exclusion: downstairs
D:10 exclusion: downstairs
D:11 exclusion: downstairs
D:12 Gastronok; Snorg
D:13 3 runed translucent doors, exclusion: downstairs, Wougak's ghost, journeyman DsCj
Orc:1 predelnik's ghost, journeyman MfGl


Innate Abilities, Weirdness & Mutations

You are too large for most types of armour.
You have claws for hands.
Your natural rate of healing is unusually fast.
You are covered in fur. (AC +1)
You have tough skin. (AC +1)


Message History

There is a stone staircase leading down, spattered with blood here.
You see here a +0 giant club.
There is an open door here.
You close the door.
There is an open door here.
You start resting.
HP restored.
Found a potion of might.
Found a stone staircase leading down.
A +7 long sword and a +3 long sword come into view.
Found a gate to the Vaults.
The +7 long sword hits you!! The +7 long sword hits you!!
You closely miss the +7 long sword. The +7 long sword barely misses you.
You block the +7 long sword's attack.
You barely miss the +7 long sword. The +7 long sword hits you!
You miss the +7 long sword. The +7 long sword hits you!
You block the +7 long sword's attack.
You scratch the +7 long sword but do no damage.
The +7 long sword hits you! x2
You barely miss the +7 long sword. The +7 long sword hits you!
* * * LOW HITPOINT WARNING * * *
You draw a card...
You have drawn Exile.
The +3 long sword is devoured by a tear in reality.
The +7 long sword hits you but does no damage.
The +7 long sword hits you.
* * * LOW HITPOINT WARNING * * *
Your Shields skill increases to level 1!
Unknown command.
You draw a card...
You have drawn Velocity.
Nothing appears to happen.
You block the +7 long sword's attack.
You closely miss the +7 long sword. You block the +7 long sword's attack.
The +7 long sword hits you.
* * * LOW HITPOINT WARNING * * *
You feel much better. The +7 long sword hits you!
You scratch the +7 long sword but do no damage.
You block the +7 long sword's attack. The +7 long sword hits you!!
* * * LOW HITPOINT WARNING * * *
You draw a card...
You have drawn the Dance.
The +7 long sword hits you!!
You die...
Your body disappears without a glow.

# #.. ## ##
#..##. ### ###.
##....####..
.... >..........
#. #........ ...
#. #......
.....# #.
#...!#####.....+
#.
#..(@(§∩.......#
#.
#....#####....#
#.
#.....#(#.....#
##
#.............#
##
#.............##
#.
##+#.###.......#
#. ...#
#.......# ###>
.....+
#.......###.+.
.......#
#.......'...#.


You could see a +7 long sword (ally target) and a friendly +0 trident of
Conformity {pain, Dex+3} (summoned).

Vanquished Creatures
  2 centaur warriors (D:13)
  3 two-headed ogres
  A tengu warrior (D:14)
  Lodul (D:13)
  An ugly thing (D:7)
  A cyclops (D:11)
  2 manticores
  2 gargoyles
  2 komodo dragons
  A hornet (D:9)
  A wraith (D:10)
  3 wyverns (D:9)
  14 yaks
  A hog (D:6)
  2 wargs (D:10)
  2 water moccasins (shapeshifter) (D:13)
  An acid dragon (D:8)
  2 water moccasins
  3 black bears (D:6)
  2 orc warriors
  An ice beast (D:6)
  2 sky beasts
  9 ogres
  15 centaurs
  2 kobold brigands
  A bullfrog (D:9)
  3 scorpions
  5 elf skeletons (D:8)
  A wight (D:8)
  19 killer bees
  A howler monkey (D:5)
  2 electric eels (D:8)
  4 crimson imps (D:6)
  4 hounds
  4 orc priests
  A gnoll bouda (D:6)
  5 iguanas
  10 orc wizards
  4 gnolls
  13 adders
  3 shadow imps
  An ufetubus (D:5)
  A worm (D:4)
  4 dart slugs
  48 orcs
  7 ball pythons
  8 bats
  11 endoplasms
  2 giant cockroaches (D:2)
  8 goblins
  9 hobgoblins
  6 jackals
  11 kobolds
  8 quokkas
  3 frilled lizards
  An orc skeleton (D:8)
  5 rats
289 creatures vanquished.

Vanquished Creatures (collateral kills)
  An ogre (D:13)
1 creature vanquished.

Vanquished Creatures (others)
  126 foxfires
  10 plants
136 creatures vanquished.

Grand Total: 426 creatures vanquished

Notes
Turn   | Place    | Note
-------+----------+-------------------------------------------
     0 | D:1      | Acheron the Troll Fire Elementalist began the quest for the
                  | Orb.
     0 | D:1      | Reached XP level 1. HP: 16/16 MP: 1/1
    74 | D:2      | Reached XP level 2. HP: 24/24 MP: 2/2
   566 | D:1      | Reached XP level 3. HP: 32/32 MP: 4/4
   582 | D:1      | Learned a level 2 spell: Scorch
  1126 | D:2      | Reached skill level 1 in Conjurations
  1285 | D:2      | Reached skill level 1 in Unarmed Combat
  1292 | D:2      | Reached XP level 4. HP: 29/40 MP: 5/5
  2075 | D:3      | Reached skill level 1 in Fighting
  2075 | D:3      | Reached XP level 5. HP: 34/48 MP: 1/6
  2555 | D:3      | Reached skill level 2 in Unarmed Combat
  2860 | D:4      | Found a stormy altar of Qazlal.
  2869 | D:5      | Entered Level 5 of the Dungeon
  2872 | D:5      | Reached skill level 1 in Evocations
  2891 | D:4      | Found a basalt altar of Yredelemnul.
  2945 | D:4      | Found a glowing silver altar of Zin.
  3064 | D:5      | Reached XP level 6. HP: 50/55 MP: 7/7
  3080 | D:4      | Found a shimmering blue altar of Sif Muna.
  3136 | D:4      | Reached skill level 1 in Throwing
  3136 | D:4      | Reached skill level 3 in Unarmed Combat
  3272 | D:4      | Found a staircase to the Ecumenical Temple.
  3284 | Temple   | Entered the Ecumenical Temple
  3447 | Temple   | Became a worshipper of Nemelex Xobeh the Trickster
  3508 | D:4      | Noticed Eustachio
  3555 | D:4      | Found a white marble altar of Elyvilon.
  3812 | D:5      | Noticed a sky beast
  4124 | D:5      | Reached XP level 7. HP: 23/62 MP: 6/8
  4441 | D:6      | Reached skill level 4 in Unarmed Combat
  4494 | D:6      | Reached skill level 1 in Invocations
  4550 | D:6      | Reached * piety under Nemelex Xobeh
  4555 | D:6      | Found an opulent altar of Gozag.
  4651 | D:6      | Reached XP level 8. HP: 63/72 MP: 6/9
  4700 | D:6      | Found a shimmering altar of Xom.
  4711 | D:6      | Reached skill level 5 in Unarmed Combat
  5049 | D:6      | Received a gift from Nemelex Xobeh
  5155 | D:6      | Found a radiant altar of Vehumet.
  5225 | D:7      | Noticed Joseph
  5266 | D:7      | Noticed a brown ugly thing
  5268 | D:7      | Noticed Joseph
  5268 | D:7      | Joseph changed into Joseph the hog
  5278 | D:6      | Killed Joseph the hog
  5279 | D:6      | Reached skill level 6 in Unarmed Combat
  5486 | D:7      | Reached ** piety under Nemelex Xobeh
  5562 | D:8      | Reached XP level 9. HP: 60/80 MP: 10/10
  5674 | D:8      | Reached skill level 7 in Unarmed Combat
  5931 | D:8      | Found Hoqan's Distillery.
  5935 | D:8      | Bought a potion of curing for 30 gold pieces
  5935 | D:8      | Bought a potion of curing for 30 gold pieces
  5935 | D:8      | Bought a potion of might for 40 gold pieces
  5935 | D:8      | Bought a potion of might for 40 gold pieces
  6006 | D:8      | Reached skill level 8 in Unarmed Combat
  6111 | D:9      | Received a gift from Nemelex Xobeh
  6174 | D:10     | Entered Level 10 of the Dungeon
  6347 | D:9      | Found a blossoming altar of Fedhas.
  6462 | D:9      | Reached skill level 1 in Armour
  6482 | D:9      | Reached *** piety under Nemelex Xobeh
  6491 | D:9      | Paralysed by a hornet for 2 turns
  6495 | D:9      | Noticed a two-headed ogre
  6496 | D:9      | Reached XP level 10. HP: 62/91 MP: 11/11
  6497 | D:9      | Killed a two-headed ogre
  6498 | D:9      | Reached skill level 9 in Unarmed Combat
  6612 | D:8      | Reached skill level 5 in Dodging
  6623 | D:8      | Found Gukhon's Distillery.
  6628 | D:8      | Bought a potion of curing for 33 gold pieces
  6628 | D:8      | Bought a potion of curing for 33 gold pieces
  6776 | D:7      | Killed a green ugly thing
  6996 | D:7      | Learned a level 1 spell: Apportation
  7090 | D:8      | Found Mepi Jiloa's Antique Weapon Shoppe.
  7180 | D:8      | Found Ruewkoihui's General Store.
  8312 | D:10     | Found a broken altar of Ashenzari.
  8339 | D:10     | Found Geet's Armour Shop.
  8339 | D:10     | Found a staircase to the Orcish Mines.
  8401 | D:10     | Found an ornate altar of the Wu Jian Council.
  8443 | D:10     | Found Sos Rira's Armour Shop.
  8513 | D:10     | Reached **** piety under Nemelex Xobeh
  8538 | D:10     | Received a gift from Nemelex Xobeh
  8622 | D:10     | Found a staircase to the Lair.
  8836 | D:10     | Found a bloodstained altar of Trog.
  8856 | D:10     | Found an ancient bone altar of Kikubaaqudgha.
  8911 | D:10     | Noticed a gargoyle
  8931 | D:10     | Killed a gargoyle
  8967 | D:11     | Noticed a two-headed ogre
  9015 | Orc:1    | Entered Level 1 of the Orcish Mines
  9245 | Orc:2    | Entered Level 2 of the Orcish Mines
  9245 | Orc:2    | Noticed an orc sorcerer
  9414 | Orc:1    | Noticed predelnik's ghost (journeyman MfGl)
  9456 | Orc:1    | Noticed a two-headed ogre
  9462 | Orc:1    | Noticed an orc knight
  9471 | Orc:1    | Noticed an orc knight
  9508 | D:10     | Reached skill level 10 in Unarmed Combat
  9602 | D:10     | Reached XP level 11. HP: 80/92 MP: 13/13
  9639 | D:11     | Received a gift from Nemelex Xobeh
  9830 | D:12     | Reached skill level 1 in Translocations
  9932 | D:12     | Noticed Gastronok
  9986 | D:12     | Noticed a two-headed ogre
  9995 | D:12     | Banished a two-headed ogre
 10332 | D:14     | Noticed a skeletal warrior
 10332 | D:14     | Noticed a skeletal warrior
 10332 | D:14     | Noticed a skeletal warrior
 10332 | D:14     | Noticed a skeletal warrior
 10332 | D:14     | Noticed a skeletal warrior
 10332 | D:14     | Noticed a deep elf pyromancer
 10373 | D:13     | Noticed a centaur warrior
 10382 | D:13     | Killed a centaur warrior
 10522 | D:12     | Noticed a deep elf pyromancer
 10721 | D:12     | Noticed a boulder beetle
 10726 | D:12     | Noticed a catoblepas
 10888 | D:11     | Received a gift from Nemelex Xobeh
 10941 | D:11     | Reached skill level 11 in Unarmed Combat
 11062 | D:11     | Killed a two-headed ogre
 11063 | D:11     | Reached skill level 5 in Invocations
 11176 | Lair:1   | Entered Level 1 of the Lair of Beasts
 11238 | D:11     | Reached ***** piety under Nemelex Xobeh
 11329 | D:12     | Reached skill level 5 in Throwing
 11381 | D:12     | Noticed a deep elf pyromancer
 11387 | D:12     | Noticed Snorg
 11433 | D:12     | Noticed a two-headed ogre
 11438 | D:14     | Noticed a centaur warrior
 11576 | D:13     | Noticed a centaur warrior
 11601 | D:13     | Killed a centaur warrior
 11798 | D:13     | Found a runed translucent gate.
 11798 | D:13     | Found a runed translucent gate.
 11798 | D:13     | Found a runed translucent gate.
 11799 | D:13     | Noticed an 11-headed hydra
 11800 | D:13     | Noticed Wougak's ghost (journeyman DsCj)
 11801 | D:13     | Noticed a nine-headed hydra
 11970 | D:13     | Noticed Lodul
 11977 | D:13     | Killed Lodul
 12114 | D:14     | Noticed a two-headed ogre
 12122 | D:14     | Killed a two-headed ogre
 12123 | D:14     | Reached XP level 12. HP: 74/110 MP: 15/15
 12169 | D:15     | Entered Level 15 of the Dungeon
 12169 | D:15     | Noticed a tengu warrior
 12186 | D:14     | Killed a tengu warrior
 12245 | D:14     | Found a gate to the Vaults.
 12253 | D:14     | Reached skill level 1 in Shields
 12257 | D:14     | Identified the +0 trident of Conformity {pain, Dex+3}
 12257 | D:14     | Slain by a +7 long sword

Illustrated notes

Levels and vault maps discovered:
D:1:      giann_wishing_wells, layout_loops_corners, st_stairs_10
D:2:      layout_basic
D:3:      minmay_razor_zed, layout_basic, serial_corexii_hall,
          corexii_hall_statues_i, corexii_hall_statues_t
D:4:      layout_rooms, lemuel_tele_altar, led_sif_pool,
          nicolae_qazlal_scattered_showers, zin_treasury, elyvilon_altar_4,
          minmay_temple_entry_nine_rooms, minmay_a_box_with_orc_wizards_in_it,
          uniq_eustachio
D:5:      layout_loops_ring
D:6:      layout_cave_pools, nicolae_gozag_seed_capital, led_xom_imps,
          mainiacjoe_overflow_six_doors_small
D:7:      layout_basic, minmay_misc_feat_hallway, uniq_joseph
D:8:      layout_loops_cross, nicolae_ossuary_entry_catacombs, serial_shops,
          shop, nicolae_shop_trees, nicolae_shop_trees, nicolae_shop_waterfront,
          serial_bayou_ford_a, st_stairs_14
D:9:      layout_layer_cave, mainiacjoe_overflow_alcove_4
D:10:     layout_cave_pools, nzn_wu_jian_council_hall,
          grunt_temple_overflow_open, evilmike_ruin_ashenzari,
          erik_lair_orcish_takeover, orc_david_3, serial_shops, shop
D:11:     layout_long_grid
D:12:     minmay_outward_triangles, layout_basic,
          minmay_mirror_moons_of_madness, uniq_maurice, uniq_gastronok,
          uniq_snorg
D:13:     layout_loops_corners, gammafunk_ghost_hydra_chop, st_stairs_10,
          uniq_lodul
D:14:     layout_roguey, erik_vaults_1, chequers_big_river, grunt_ministairs_15,
          nicolae_splish_splash
D:15:     gammafunk_enter_depths_forms, layout_basic, serial_shops,
          bzr_entry_lakeside, nicolae_diamond_shop, shop,
          nicolae_shop_statue_plus, grunt_decor_mini_mirrors
Temple:   hellmonk_temple_forest_ring
Lair:1:   layout_small_grid, grunt_megastairs_1, infiniplex_staircase_pool,
          lemuel_fruit_tree
Orc:1:    nicolae_orc_accident_2, layout_diamond_mine,
          hellmonk_ghost_happy_afterlife, mines2_david
Orc:2:    grunt_orc_gardens, layout_caves, grunt_orc_garden, grunt_orc_garden,
          grunt_orc_garden, grunt_orc_garden, serial_shops, shop_statue,
          uniq_josephine, uniq_azrael, uniq_sonja

Skill      XL: |  1  2  3  4  5  6  7  8  9 10 11 12 |
---------------+-------------------------------------+-----
Dodging        | 2 3 4 5 6 |  6.1
Conjurations   | 1 2 |  2.2
Unarmed Combat | 1 2 3 4 6 8 10 11 | 11.7
Fighting       | 1 2 3 4 |  4.9
Fire Magic     | 3 |  3.2
Evocations     | 1 2 3 4 |  4.4
Throwing       | 1 2 3 4 5 |  5.4
Invocations    | 1 2 3 4 5 |  5.6
Armour         | 1 2 3 |  3.8
Translocations | 2 |  2.1
Shields        | 1 |  1.0
Stealth        | |  1.8
Spellcasting   | |  1.8

Action                   |  1- 3 |  4- 6 |  7- 9 | 10-12 || total
-------------------------+-------+-------+-------+-------++-------
Melee: Unarmed           |    84 |   269 |   313 |   452 ||  1118
       Punch             |       |     3 |    10 |    27 ||    40
Throw: Boomerang         |       |       |     2 |     7 ||     9
       Large rock        |       |       |       |     6 ||     6
 Cast: Foxfire           |    21 |    35 |    15 |     3 ||    74
       Scorch            |       |       |     2 |       ||     2
Invok: Draw Destruction  |       |       |     2 |     5 ||     7
       Draw Escape       |       |       |     1 |     4 ||     5
       Draw Summoning    |       |       |       |     2 ||     2
Evoke: Wand              |       |       |     2 |     1 ||     3
  Use: Scroll            |     3 |     7 |     8 |    14 ||    32
       Potion            |       |       |       |     3 ||     3
 Stab: Sleeping          |     2 |     2 |       |     4 ||     8
       Distracted        |       |       |     1 |       ||     1
Armor: Robe              |    35 |    99 |    78 |       ||   212
       Acid dragon scale |       |       |    58 |   283 ||   341
Dodge: Dodged            |    54 |   129 |   149 |   308 ||   640
Block: Kite shield       |       |       |       |    19 ||    19
